Map: Prion Terraces

Players

Grumm

  • Race: Protoss Protoss
  • League: Gold

DrBEASTMODE - Winner!

  • Race: Zerg Zerg
  • League: Silver

VOD

Have the link to the VOD?

Description

Time

  • Played on: Jan. 29, 2016, 7:29 p.m.
  • Length: 13:21
Show
View Real Time Build Order
Export as new Build Order

Grumm Protoss 

Build Orders:  

Get SALT Encoding   

  12  0:01  Probe (Chrono Boost)  
  13  0:11  Probe (Chrono Boost)  
  14  0:20  Pylon  
  14  0:23  Probe (Chrono Boost)  
  15  0:38  Probe (Chrono Boost)  
  15  0:41  Gateway  
  16  0:48  Probe (Chrono Boost)  
  17  0:57  Gateway  
  17  0:59  Probe (Chrono Boost)  
  18  1:07  Assimilator  
  18  1:20  Probe (Chrono Boost)  
  19  1:29  Cybernetics Core  
  21  1:32  Zealot (Chrono Boost)  
  21  1:39  Pylon  
  21  1:44  Zealot (Chrono Boost)  
  23  1:52  Assimilator  
  23  1:57  Probe  
  24  2:16  Nexus  
  24  2:20  Warp Gate (Chrono Boost)  
  24  2:31  Forge  
  24  2:38  Adept  
  24  2:43  Adept  
  28  2:48  Probe  
  28  3:00  Probe  
  29  3:19  Probe  
  30  3:27  Robotics Facility, Stalker, Probe, Zealot  
  30  3:32  Probe  
  34  3:58  Probe  
  34  3:59  Probe  
  30  4:08  Mothership Core  
  30  4:12  Photon Cannon  
  32  4:19  Pylon  
  32  4:24  Zealot  
  32  4:25  Adept  
  36  4:33  Probe  
  37  4:38  Pylon  
  37  4:42  Immortal  
  41  4:48  Stalker  
  41  4:49  Probe, Zealot  
  41  4:50  Probe  
  47  4:59  Assimilator  
  47  5:00  Probe  
  47  5:02  Protoss Ground Weapons Level 1 (Chrono Boost)  
  47  5:03  Probe  
  49  5:09  Adept  
  51  5:16  Adept  
  51  5:18  Probe  
  51  5:20  Probe  
  55  5:33  Gateway  
  55  5:37  Gateway  
  55  5:41  Zealot  
  57  5:43  Stalker  
  59  5:58  Probe  
  59  6:01  Assimilator  
  60  6:05  Adept  
  62  6:15  Pylon  
  62  6:18  Immortal  
  46  6:44  Stalker  
  46  6:45  Stalker  
  50  6:50  Probe  
  50  6:52  Probe  
  50  6:53  Stargate  
  52  6:58  Immortal (Chrono Boost)  
  52  7:00  Stalker  
  52  7:01  Stalker  
  52  7:03  Protoss Ground Armor Level 1 (Chrono Boost)  
  58  7:10  Stalker  
  58  7:15  Probe x2  
  62  7:27  Probe x2  
  62  7:28  Photon Cannon  
  64  7:32  Stalker  
  64  7:33  Pylon  
  64  7:35  Oracle (Chrono Boost)  
  69  7:49  Probe  
  74  7:51  Immortal (Chrono Boost)  
  74  7:59  Zealot  
  76  8:06  Stargate  
  76  8:07  Photon Cannon  
  66  8:18  Stalker x2  
  66  8:20  Zealot  
  64  8:39  Stalker  
  66  8:42  Zealot x3  
  66  8:46  Void Ray  
  72  8:50  Probe  
  72  8:51  Probe  
  68  9:22  Stalker x2  
  68  9:23  Stalker  
  55  9:25  Immortal (Chrono Boost)  
  55  9:28  Void Ray (Chrono Boost)  
  63  9:35  Void Ray (Chrono Boost)  
  67  10:01  Stalker x2  
  67  10:02  Stalker x2  
  65  10:32  Void Ray (Chrono Boost)  
  65  10:33  Void Ray (Chrono Boost)  
  69  10:43  Stalker x2  
  69  10:45  Stalker  
  75  10:54  Stalker  
  77  11:21  Pylon  
  77  11:22  Nexus  
  77  11:26  Pylon  
  77  11:30  Pylon  
  77  11:39  Phoenix x2 (Chrono Boost)  
  79  11:54  Gateway  
  79  11:58  Gateway, Photon Cannon  
  79  12:02  Gateway  
  79  12:04  Gateway  
  79  12:07  Probe x2  
  81  12:12  Assimilator  
  81  12:23  Stalker x2  
  85  12:32  Probe  
  85  12:33  Probe  
  47  12:58  Stalker x2  
  47  12:59  Stalker x2  
Show
View Real Time Build Order
Export as new Build Order

DrBEASTMODE Zerg - Winner!

Build Orders: Hatch First 

Get SALT Encoding   

  12  0:01  Drone  
  13  0:08  Drone  
  14  0:19  Overlord  
  14  0:23  Extractor  
  14  0:24  Extractor  
  14  0:26  Drone  
  13  0:31  Drone  
  16  0:56  Hatchery  
  15  1:01  Drone  
  16  1:11  Spawning Pool  
  16  1:16  Drone x2  
  17  1:20  Extractor  
  17  1:23  Drone  
  17  1:27  Drone  
  18  1:40  Overlord  
  18  1:49  Drone  
  19  1:59  Drone  
  20  2:02  Queen  
  20  2:07  Queen  
  24  2:09  Zergling x2  
  24  2:13  Zergling x2  
  26  2:19  Zergling x2  
  27  2:36  Drone x3  
  30  2:43  Roach Warren  
  29  2:56  Drone x4  
  33  3:04  Extractor  
  33  3:05  Overlord  
  32  3:06  Drone  
  33  3:15  Queen  
  35  3:22  Drone  
  35  3:25  Drone  
  35  3:26  Roach  
  35  3:27  Drone, Roach  
  41  3:28  Drone x2  
  44  3:36  Overlord x2  
  42  3:55  Roach  
  42  3:56  Roach x3  
  44  4:06  Roach  
  44  4:07  Roach  
  48  4:30  Hatchery  
  47  4:41  Lair  
  47  4:48  Drone  
  47  4:49  Drone x8  
  56  4:52  Extractor  
  56  4:53  Extractor  
  54  5:10  Drone x5  
  54  5:11  Drone  
  60  5:21  Evolution Chamber  
  60  5:27  Evolution Chamber, Roach  
  60  5:28  Overlord  
  60  5:29  Overlord  
  60  5:30  Overlord  
  60  5:46  Roach x3  
  60  5:47  Roach  
  68  5:53  Zerg Missile Weapons Level 1  
  68  5:55  Zerg Ground Armor Level 1  
  68  6:04  Ravager x4  
  70  6:06  Roach x2  
  70  6:07  Roach  
  74  6:26  Roach x6  
  79  6:42  Glial Reconstitution  
  79  6:44  Drone x6  
  79  6:45  Drone x2  
  85  6:51  Drone x3  
  86  7:08  Drone x4  
  89  7:10  Overlord x2  
  89  7:14  Extractor  
  89  7:19  Ravager  
  90  7:28  Drone x5  
  90  7:29  Drone x4  
  99  7:31  Overlord  
  101  7:51  Roach x2  
  101  7:52  Roach x5  
  101  7:53  Zerg Missile Weapons Level 2  
  101  7:55  Overlord x3  
  93  8:26  Roach  
  100  8:27  Roach x10  
  100  8:32  Spire  
  102  8:36  Extractor  
  102  8:38  Zerg Ground Armor Level 2  
  102  8:41  Roach x4  
  109  8:44  Overseer x2  
  109  8:45  Overseer  
  109  8:51  Ravager x4  
  109  8:52  Ravager x2  
  115  9:07  Roach x4  
  115  9:08  Roach x7  
  120  9:56  Mutalisk x5  
  120  9:57  Mutalisk x2  
  109  10:16  Mutalisk x3  
  87  10:36  Roach x3  
  87  10:37  Roach x8  
  97  10:45  Roach x2  
  97  10:49  Zergling x2  
  102  10:57  Roach x2  
  106  11:11  Mutalisk  
  106  11:12  Mutalisk x4  
  106  11:17  Overlord x2  
  106  11:18  Overlord  
  116  11:21  Hatchery  
  115  11:27  Infestation Pit  
  115  11:31  Mutalisk x2  
  112  11:47  Overlord, Corruptor  
  112  11:48  Corruptor x2  
  118  12:00  Roach x4  
  118  12:01  Roach x6  
  138  12:31  Corruptor x2  
Tags
 
Add a new tag
Caveats
  • Supply blocks, unpowered buildings, or Contaminate may cause inaccurate times.
  • Supply counts are checked every 10 seconds.